 Dungeon Crawl Stone Soup version 0.31.0-11-ge490571c62 (webtiles) character file.

Game seed: 8576782638481834791

1746 jagang the Slasher (level 9, 0/72 HPs)
             Began as a Human Monk on Jan 29, 2024.
             Was a Believer of the Shining One.
             Succumbed to a hornet's poison
             ... on level 7 of the Dungeon on Jan 30, 2024.
             The game lasted 00:16:19 (5645 turns).

jagang the Slasher (Human Monk)                     Turns: 5645, Time: 00:16:20

Health: 0/72       AC:  9    Str: 11    XL:     9   Next: 6%
Magic:  9/9        EV: 10    Int: 12    God:    the Shining One [**....]
Gold:   418        SH:  9    Dex: 19    Spells: 8/8 levels left

rFire   . . .        u - +7 scimitar (freeze)
rCold   . . .        B - +0 kite shield
rNeg    + + .        a - +0 chain mail
rPois   .            (no helmet)
rElec   .            (no cloak)
rCorr   .            (no gloves)
SInv    .            (no boots)
Will    .....        (no amulet) Stlth
                     g - +5 ring of evasion
HPRegen 0.32/turn    o - ring of positive energy
MPRegen 0.11/turn

%: no passive effects
@: lethally poisoned (0 -> -4), glowing
A: explore regen
a: Renounce Religion, Divine Shield


You were on level 7 of the Dungeon.
You worshipped the Shining One.
The Shining One was pleased with you.
You visited 2 branches of the dungeon, and saw 8 of its levels.

You collected 418 gold pieces.

Inventory:

Hand Weapons
 s - the +5 rapier of Chagrin {flame, rC- Will- Str+10}
   (You found it on level 3 of the Dungeon)

   Str+10:    It affects your strength (+10).
   rC-:       It makes you vulnerable to cold.
   Will-:     It decreases your willpower.
 u - a +7 scimitar of freezing (weapon)
Missiles
 j - 5 atropa-tipped darts
 n - 6 boomerangs (quivered)
Armour
 a - a +0 chain mail (worn)
 B - a +0 kite shield (worn)
Jewellery
 e - a +4 ring of protection
 f - a ring of willpower
 g - a +5 ring of evasion (left hand)
 l - a ring of resist corrosion
 o - a ring of positive energy (right hand)
 x - a ring of protection from fire
Wands
 y - a wand of flame (8)
Scrolls
 d - a scroll of brand weapon
 h - 2 scrolls of poison
 i - a scroll of vulnerability
 k - a scroll of blinking
 q - 2 scrolls of teleportation
 r - a scroll of fear
 z - a scroll of revelation {unknown}
 A - a scroll of noise {unknown}
Potions
 b - 2 potions of degeneration {unknown}
 m - a potion of brilliance {unknown}
 p - 4 potions of curing
 t - a potion of magic {unknown}
 v - a potion of might {unknown}
 w - a potion of haste {unknown}


   Skills:
 * Level 7.0 Fighting
 * Level 7.0 Long Blades
 - Level 2.0 Throwing
 + Level 4.2 Armour
 - Level 5.0 Dodging
 * Level 1.1 Shields
 + Level 1.1 Invocations


You had 8 spell levels left.
You didn't know any spells.
Your spell library contained the following spells:

 Spells                   Type           Power      Damage    Failure   Level
 Manifold Assault         Tloc           0%         N/A       100%        4
 Dispersal                Tloc           0%         N/A       100%        6
 Disjunction              Tloc           0%         N/A       100%        8


Dungeon Overview and Level Annotations

Branches:
Dungeon (7/15)             Temple (1/1) D:5

Altars:
Ashenzari
Cheibriados
Dithmenos
Elyvilon
Hepliaklqana
Kikubaaqudgha
Makhleb
Qazlal
Sif Muna
Uskayaw
Wu Jian
Xom
Yredelemnul
Zin
The Shining One

Annotations:
D:5 1 runed translucent door, freelancePsychic's ghost, novice DjAl
D:7 Duvessa


Innate Abilities, Weirdness & Mutations

You regain HP and MP as you explore.


Message History

* * * LOW HITPOINT WARNING * * *
You feel very sick.
Okay, then.
Okay, then.
It was a potion of curing.
You feel better.
Okay, then.
Blink to where?
Press: ? - help, Dir - move target
As you read the scroll of blinking, it crumbles to dust.
You feel yourself speed up.
You are confused.
You feel invigorated.
You feel less invigorated.
You feel less confused.
You hit the hornet. You freeze the hornet.
The hornet is moderately wounded.
The hornet closely misses you. The hornet stings you!
You are poisoned.
You feel yourself slow down.
You closely miss the hornet.
The hornet is moderately wounded.
You feel yourself speed up.
You feel very sick.
The hornet stings you but does no damage.
You block Duvessa's attack. The hornet closely misses you.
Duvessa hits you but does no damage. The hornet completely misses you.
You closely miss the hornet.
The hornet is moderately wounded.
You feel very sick. Duvessa hits you with a +0 short sword.
* * * LOW HITPOINT WARNING * * *
The hornet stings you.
* * * LOW HITPOINT WARNING * * *
You feel yourself slow down. Duvessa hits you with a +0 short sword!
* * * LOW HITPOINT WARNING * * *
As you read the scroll of fear, it crumbles to dust.
You assume a fearsome visage.
Duvessa is unaffected.
The hornet looks frightened!
You feel yourself speed up.
You die...

#.#..##
#............#
#.#...#
#...........#
#.#...##
#.....###...
#...#..## #.....#
##.. #..###..##
#....## ##. #..
##..## #.....# ##
#.# ##..##
##.....## # ..
##.y#####.......##
###
##e@.##...###...##
##......##
###..### ##....##
##...# #....#
#.... ##....##
##... #......##
#... ##.)###..##
#... #..## ###.#
...## #.## ###
######


You could see Duvessa (berserk) and a hornet (fleeing).

Vanquished Creatures
  2 ice beasts
  2 orc warriors (D:6)
  A black bear (D:5)
  An ogre (D:5)
  A gnoll sergeant (D:7)
  3 scorpions
  A wyvern zombie (D:5)
  2 water moccasin zombies (D:5)
  3 wights
  Dowan (D:7)
  A bombardier beetle (D:6)
  A centaur zombie (D:5)
  3 hounds (D:5)
  A bullfrog zombie (D:5)
  3 orc priests
  2 iguanas
  3 orc wizards
  A hound zombie (D:5)
  5 gnolls
  An adder (D:3)
  A shadow imp (D:5)
  A white imp (D:7)
  2 ufetubi (D:6)
  A dart slug (D:5)
  2 ribbon worms
  15 orcs
  6 endoplasms
  2 giant cockroaches
  6 goblins
  6 hobgoblins
  3 jackals
  8 kobolds
  2 quokkas
  3 ball pythons
  7 bats
  2 frilled lizards
  7 rats
112 creatures vanquished.

Notes
Turn   | Place    | Note
-------+----------+-------------------------------------------
     0 | D:1      | jagang the Human Monk began the quest for the Orb.
     0 | D:1      | Reached XP level 1. HP: 18/18 MP: 1/1
    43 | D:1      | Reached XP level 2. HP: 21/24 MP: 2/2
   660 | D:2      | Reached XP level 3. HP: 29/29 MP: 3/3
   693 | D:2      | Reached skill level 1 in Armour
   783 | D:2      | Reached XP level 4. HP: 14/37 MP: 4/4
  1252 | D:2      | Found a faded altar of an unknown god.
  1532 | D:3      | Noticed a +0 spear
  1532 | D:3      | Noticed a +0 falchion
  1533 | D:3      | Noticed a +0 spear
  1533 | D:3      | Noticed a +0 dagger
  1534 | D:3      | Noticed a +0 short sword
  1534 | D:3      | Noticed a +0 short sword
  1535 | D:3      | Noticed a +0 dagger
  1535 | D:3      | Noticed a +0 falchion
  1584 | D:3      | Found a hide-covered altar of Uskayaw.
  1775 | D:3      | Identified the +5 rapier of Chagrin {flame, rC- Will-
                  | Str+10}
  2213 | D:3      | Found a glowing silver altar of Zin.
  2372 | D:4      | Reached XP level 5. HP: 33/42 MP: 5/5
  2432 | D:4      | Reached XP level 6. HP: 37/49 MP: 6/6
  3366 | D:5      | Entered Level 5 of the Dungeon
  3385 | D:5      | Noticed an ice beast
  3405 | D:5      | Killed an ice beast
  3491 | D:5      | Reached skill level 5 in Fighting
  3491 | D:5      | Reached skill level 5 in Long Blades
  3491 | D:5      | Reached XP level 7. HP: 54/56 MP: 7/7
  3496 | D:5      | Found a hazy altar of Hepliaklqana.
  3542 | D:5      | Found a white marble altar of Elyvilon.
  3551 | D:5      | Found an ornate altar of the Wu Jian Council.
  3571 | D:5      | Found a staircase to the Ecumenical Temple.
  3586 | Temple   | Entered the Ecumenical Temple
  3592 | Temple   | Became a worshipper of the Shining One
  3592 | Temple   | Reached * piety under the Shining One
  3592 | Temple   | Reached ** piety under the Shining One
  3633 | D:5      | Found a runed translucent door.
  3633 | D:5      | Noticed freelancePsychic's ghost (novice DjAl)
  3761 | D:5      | Found a basalt altar of Yredelemnul.
  3774 | D:5      | Reached XP level 8. HP: 59/64 MP: 8/8
  4321 | D:6      | Reached skill level 1 in Throwing
  4365 | D:6      | Found a shadowy altar of Dithmenos.
  4687 | D:6      | Reached skill level 5 in Dodging
  5525 | D:7      | Identified the +10 war axe of Chance {flame, ^Fragile rPois
                  | rC+++ SInv}
  5561 | D:7      | Reached skill level 1 in Invocations
  5561 | D:7      | Reached XP level 9. HP: 56/72 MP: 9/9
  5620 | D:7      | Noticed Dowan
  5621 | D:7      | Found a shimmering blue altar of Sif Muna.
  5625 | D:7      | Noticed a hornet
  5626 | D:7      | Killed Dowan
  5627 | D:7      | Reached skill level 1 in Shields
  5627 | D:7      | Noticed Duvessa
  5628 | D:7      | Paralysed by a hornet for 2 turns
  5644 | D:7      | HP: 2/72 [Duvessa/+0 short sword (9)]
  5645 | D:7      | Succumbed to a hornet's poison

Illustrated notes

Levels and vault maps discovered:
D:1:      lemuel_arrival_funnel, layout_rooms, hangedman_feature_mirror
D:2:      layout_basic, dilly_ecumenical_altar_fadedgnrine,
          hangedman_decor_clover_reticule
D:3:      layout_loops_corners, nicolae_uskayaw_en_pointe, zin_statuary,
          kennysheep_cluttered_room, grunt_decor_one_mirror
D:4:      layout_gridville
D:5:      layout_gridville, nicolae_yredelemnul_corpse_copse,
          lemuel_round_altar, mainiacjoe_overflow_swirl,
          minmay_temple_entry_junction, gammafunk_ghost_grave
D:6:      layout_loops_corners, mainiacjoe_overflow_surrounded_room
D:7:      layout_layer_cave, nzn_overflow_gifts_of_might_and_magic,
          mainiacjoe_overflow_concentric_impassable, billiards_dpeg
Temple:   hellmonk_temple_two_chambers

Skill      XL: |  1  2  3  4  5  6  7  8  9 |
---------------+----------------------------+-----
Armour         | 1 2 3 4 |  4.2
Fighting       | 4 5 7 |  7.0
Long Blades    | 4 5 7 |  7.0
Dodging        | 4 5 |  5.0
Throwing       | 2 |  2.0
Invocations    | 1 |  1.1
Shields        | 1 |  1.1

Action                     |  1- 3 |  4- 6 |  7- 9 || total
---------------------------+-------+-------+-------++-------
  Melee: Falchion          |    78 |    42 |       ||   120
         Rapier            |       |    11 |       ||    11
         Scimitar          |       |    19 |   104 ||   123
  Throw: Boomerang         |       |       |    10 ||    10
    Use: Scroll            |       |     5 |     7 ||    12
         Potion            |       |       |     2 ||     2
 Armour: Robe              |    36 |    27 |       ||    63
         Ring mail         |       |     6 |    27 ||    33
         Chain mail        |       |       |    57 ||    57
  Dodge: Dodged            |    48 |    44 |   116 ||   208
  Block: Kite shield       |       |       |     5 ||     5
